 Dungeon Crawl Stone Soup version 0.31.0-12-g77e489cdc1 (webtiles) character file.

Game seed: 16679049491045355758

107368 Gadfly the Basher (level 16, -32/101 HPs)
             Began as a Gargoyle Fighter on Mar 8, 2024.
             Was the Champion of the Shining One.
             Annihilated by a titanic slime creature (61 damage)
             ... on level 14 of the Dungeon.
             The game lasted 00:47:51 (30490 turns).

Gadfly the Basher (Gargoyle Fighter)               Turns: 30490, Time: 00:47:51

Health: -32/101    AC: 34    Str: 35    XL:     16   Next: 46%
Magic:  25/25      EV:  9    Int:  6    God:    the Shining One [******]
Gold:   1951       SH: 16    Dex: 11    Spells: 9/15 levels left

rFire   . . .        a - +4 flail (protect)
rCold   + + +        l - +0 kite shield
rNeg    + + +        C - +2 ice dragon scales
rPois   ∞            E - +1 helmet of Kalucoas {Rampage Str+4 Int-4}
rElec   +            n - scarf {rC+ rF+}
rCorr   .            (no gloves)
SInv    .            J - +2 pair of boots
Will    +....        g - amulet of reflection Stlth
                     M - +6 ring of strength
HPRegen 0.36/turn    (no ring)
MPRegen 0.19/turn

%: reflection, rampage
@: flying, glowing
A: sickness immunity, AC +12, big wings, negative energy resistance 1,
electricity resistance, torment resistance 1, petrification resistance
a: Renounce Religion, Divine Shield, Cleansing Flame, Summon Divine Warrior


You were on level 14 of the Dungeon.
You worshipped the Shining One.
The Shining One was exalted by your worship.
You visited 4 branches of the dungeon, and saw 23 of its levels.
You also visited: Sewer and Bailey.

You collected 2692 gold pieces.
You spent 741 gold pieces at shops.

Inventory:

Hand Weapons
 a - a +4 flail of protection (weapon)
 b - a +3 sacred scourge of holy wrath
 s - the +10 long sword "Yxti" {antimagic, +Blink Dex+2}
   (You found it on level 5 of the Dungeon)

   Dex+2:     It affects your dexterity (+2).
   +Blink:    It lets you blink.
 w - a +0 morningstar
 K - a +0 heavy flail
Armour
 l - a +0 kite shield (worn)
 n - a scarf of resistance (worn)
 C - +2 ice dragon scales (worn)
 E - the +1 helmet of Kalucoas (worn) {Rampage Str+4 Int-4}
   (You found it on level 5 of the Lair of Beasts)

   Str+4:     It affects your strength (+4).
   Int-4:     It affects your intelligence (-4).
   Rampage:   It bestows one free step when moving towards enemies.
 I - the +1 chain mail "Biwuaf" {rElec rCorr Int+3}
   (You bought it in a shop on level 7 of the Dungeon)

   Int+3:     It affects your intelligence (+3).
   rElec:     It insulates you from electricity.
   rCorr:     It protects you from acid and corrosion.
 J - a +2 pair of boots (worn)
Jewellery
 g - an amulet of reflection (around neck)
 M - a +6 ring of strength (left hand)
 P - a ring of fire
Wands
 p - a wand of flame (41) (quivered)
 r - a wand of digging (3)
 A - a wand of roots (25)
 B - a wand of polymorph (6)
 H - a wand of mindburst (4)
 L - a wand of paralysis (5)
Scrolls
 c - 4 scrolls of identify
 e - 3 scrolls of revelation
 i - 3 scrolls of fear
 k - 4 scrolls of fog
 t - 2 scrolls of vulnerability
 u - a scroll of blinking
 y - 2 scrolls of enchant armour
 F - 4 scrolls of enchant weapon
 N - a scroll of poison
 O - 2 scrolls of teleportation
Potions
 d - 3 potions of might
 f - 11 potions of curing
 h - 8 potions of mutation
 m - 3 potions of cancellation
 o - 3 potions of haste
 q - 3 potions of enlightenment
 v - a potion of attraction
 x - 2 potions of ambrosia
 z - 4 potions of lignification
 D - a potion of berserk rage
 G - 2 potions of heal wounds
Miscellaneous
 j - a condenser vane


   Skills:
 + Level 12.2 Fighting
 * Level 14.6 Maces & Flails
 + Level 12.5 Armour
 + Level 12.2 Shields
 + Level 12.6 Invocations
 + Level 12.1 Evocations


You had 9 spell levels left.
You knew the following spells:

 Your Spells              Type           Power      Damage    Failure   Level
a - Swiftness             Air            0%         N/A       98%         3
b - Passwall              Erth           0%         N/A       98%         3

Your spell library contained the following spells:

 Spells                   Type           Power      Damage    Failure   Level
 Ensorcelled Hibernation  Hex/Ice        0%         N/A       88%         2
 Jinxbite                 Hex            0%         N/A       88%         2
 Mercury Vapours          Alch/Air       0%         N/A       88%         2
 Call Canine Familiar     Summ           0%         N/A       98%         3
 Fugue of the Fallen      Necr           0%         N/A       98%         3
 Gell's Gravitas          Tloc           0%         N/A       98%         3
 Hailstorm                Conj/Ice       0%         3d5       98%         3
 Ozocubu's Armour         Ice            0%         N/A       98%         3
 Sigil of Binding         Hex            0%         N/A       98%         3
 Summon Ice Beast         Ice/Summ       0%         N/A       98%         3
 Tukima's Dance           Hex            0%         N/A       98%         3
 Volatile Blastmotes      Fire/Tloc      0%         2d10      98%         3
 Airstrike                Air            0%         2d(0-16)  100%        4
 Dimensional Bullseye     Hex/Tloc       0%         N/A       100%        4
 Flame Wave               Conj/Fire      0%         2d4       100%        4
 Fulminant Prism          Conj/Alch      0%         3d5       100%        4
 Iskenderun's Mystic Bla  Conj/Tloc      0%         2d3       100%        4
 Manifold Assault         Tloc           0%         N/A       100%        4
 Passage of Golubria      Tloc           0%         N/A       100%        4
 Summon Blazeheart Golem  Fire/Summ      0%         N/A       100%        4
 Summon Lightning Spire   Summ/Air       0%         N/A       100%        4
 Freezing Cloud           Conj/Ice/Air   0%         6-21      100%        5
 Silence                  Hex/Air        0%         N/A       100%        5
 Yara's Violent Unravell  Hex/Alch       0%         3d3       100%        5
 Conjure Ball Lightning   Conj/Air       0%         3x3d6     100%        6
 Plasma Beam              Fire/Air       0%         2x1d10    100%        6
 Sculpt Simulacrum        Ice/Alch       0%         N/A       100%        6
 Enfeeble                 Hex            0%         N/A       100%        7
 Orb of Destruction       Conj           0%         9d5       100%        7
 Spellforged Servitor     Conj/Summ      0%         N/A       100%        7


Dungeon Overview and Level Annotations

Branches:
Dungeon (15/15)            Temple (1/1) D:7            Lair (5/5) D:9
  Swamp (0/4) Lair:3        Snake (0/4) Lair:2        Slime (0/5) Lair:4
    Orc (2/2) D:11            Elf (0/3) Orc:2        Vaults (0/5) D:14
  Sewer (visited)          Bailey (visited)
 Depths: D:15

Altars:
Ashenzari
Cheibriados
Dithmenos
Elyvilon
Fedhas
Gozag
Hepliaklqana
Kikubaaqudgha
Makhleb
Nemelex Xobeh
Okawaru
Qazlal
Ru
Sif Muna
Trog
Uskayaw
Vehumet
Wu Jian
Xom
Yredelemnul
Zin
The Shining One
Jiyva

Shops:
D:1 !   D:7 :[?   Orc:2 [!(

Annotations:
D:9 2 transporters


Innate Abilities, Weirdness & Mutations

You are immune to sickness and miasma.
Your stone body is resilient. (AC +12)
You are immune to poison.
Your large and strong wings let you fly.
You resist negative energy. (rN+)
You are resistant to electric shocks. (rElec)
You are resistant to unholy torment.
You are immune to petrification.


Message History

* * * LOW HITPOINT WARNING * * *
You block the slime creature's attack.
You are too injured to fight recklessly!
You are too injured to fight recklessly!
You are too injured to fight recklessly!
You are too injured to fight recklessly!
You are too injured to fight recklessly!
You are too injured to fight recklessly!
You are too injured to fight recklessly!
You are too injured to fight recklessly!
You are too injured to fight recklessly!
You are too injured to fight recklessly!
You are too injured to fight recklessly!
You are too injured to fight recklessly!
You are too injured to fight recklessly!
You are too injured to fight recklessly!
You are too injured to fight recklessly!
You are too injured to fight recklessly!
You are too injured to fight recklessly!
You are too injured to fight recklessly!
You are too injured to fight recklessly!
You are too injured to fight recklessly!
You are too injured to fight recklessly!
You are too injured to fight recklessly!
You are too injured to fight recklessly!
You are too injured to fight recklessly!
You are too injured to fight recklessly!
You are too injured to fight recklessly!
You are too injured to fight recklessly!
You are too injured to fight recklessly!
You are too injured to fight recklessly!
Unknown command.
You block the slime creature's attack.
The titanic slime creature barely misses you.
You fly upwards.
There is a stone staircase leading down here.
The titanic slime creature attacks as it pursues you!
The titanic slime creature hits you!!!
Ouch! That really hurt!
You die...

....##########≈~≈~#..#.##.#
.#........##.'~≈~≈'.##.##.#
.#...####.##.#≈~≈~####.##.#
≈≈.#..# #.##.#≈≈~≈# #.##.#
≈~~≈~.###.#..###### #.##.##
≈≈≈≈≈~~##.#..## #.....#
≈≈≈≈≈≈~.......#### #######
≈≈≈≈≈~.#...>.J.J.#
≈≈≈≈≈~~...#.####@#
≈≈~~.##.###.####.#
≈≈≈.......?......#
.###....##.#####.#### .#
#######.##~♣.~~.~♣ .#
#.#~.~≈..~## .#
#....~.....## .#
######♣~~..~#### .#
#..~~~~......#


You could see a titanic slime creature and a slime creature.

Vanquished Creatures
  Gastronok (Lair:3)
  8 vault guards (D:14)
  2 hydras (Lair:5)
  3 ogre magi
  5 centaur warriors
  A catoblepas (Lair:5)
  3 boulder beetles
  Erica (Lair:1)
  A deep troll shaman (Lair:5)
  15 two-headed ogres
  A tengu warrior (D:13)
  6 orc high priests (Orc:2)
  Urug (Lair:1)
  10 death yaks
  Sonja (D:12)
  Amaemon (Lair:1)
  A skeletal warrior (D:13)
  An arcanist (D:14)
  Lodul (D:12)
  9 ugly things
  An oklob plant (Lair:3)
  A salamander (shapeshifter) (D:13)
  2 deep elf pyromancers
  A manticore (D:11)
  3 orc sorcerers
  Maurice (D:7)
  7 cyclopes
  11 elephants
  A kobold blastminer (Orc:1)
  An orange demon (Lair:1)
  A torpor snail (Lair:5)
  8 cane toads
  A rime drake (Lair:3)
  Jeremiah (D:7)
  8 komodo dragons
  The ghost of Zeo the Covert, a novice KoBr (D:5)
  9 trolls
  3 hornets
  A queen bee (shapeshifter) (D:13)
  7 dream sheep (Lair:4)
  3 polar bears
  2 tyrant leeches (Lair:3)
  Grinder (D:5)
  36 blink frogs
  15 slime creatures
  A water elemental (D:14)
  3 wyverns
  2 shadows
  2 spriggans (Bailey)
  3 wraiths
  54 yaks
  7 basilisks
  4 steam dragons
  9 vampire mosquitoes
  12 wargs
  Menkaure (D:5)
  Edmund (D:5)
  16 water moccasins
  6 acid dragons
  17 orc warriors
  A sky beast (D:8)
  4 black bears
  2 laughing skulls (D:13)
  25 ogres
  11 wolves (Lair:5)
  A phantom (D:7)
  11 centaurs
  3 kobold brigands (Sewer)
  15 bullfrogs
  A gnoll sergeant (D:5)
  A scorpion (D:4)
  8 wights
  5 killer bees
  10 howler monkeys
  3 electric eels (D:14)
  3 hounds
  Crazy Yiuf (D:7)
  2 gnoll boudas
  3 jellies
  31 orc priests
  2 iguanas
  32 orc wizards
  20 gnolls
  8 adders
  14 river rats
  3 white imps
  6 ufetubi
  2 ribbon worms
  2 dart slugs (D:1)
  122 orcs
  6 bats
  12 endoplasms
  17 giant cockroaches
  13 goblins
  9 hobgoblins
  3 jackals (D:3)
  4 quokkas
  11 ball pythons
  2 frilled lizards
  22 kobolds
  42 rats
829 creatures vanquished.

Vanquished Creatures (others)
  2 orc wizards
  An orc (Orc:2)
3 creatures vanquished.

Grand Total: 832 creatures vanquished

Notes
Turn   | Place    | Note
-------+----------+-------------------------------------------
     0 | D:1      | Gadfly the Gargoyle Fighter began the quest for the Orb.
     0 | D:1      | Reached XP level 1. HP: 14/14 MP: 1/1
    82 | D:1      | Reached XP level 2. HP: 19/19 MP: 2/2
   204 | D:1      | Reached skill level 1 in Invocations
   329 | D:1      | Reached XP level 3. HP: 23/23 MP: 3/3
   463 | D:1      | Found Gohaus's Distillery.
   470 | D:1      | Bought a potion of degeneration for 14 gold pieces
   823 | D:2      | Reached skill level 1 in Evocations
   991 | D:2      | Found a broken altar of Ashenzari.
  1117 | D:2      | Found a faded altar of an unknown god.
  1176 | D:2      | Reached XP level 4. HP: 28/28 MP: 5/5
  1600 | D:2      | Learned a level 3 spell: Swiftness
  1797 | D:3      | Found a glowing drain.
  1866 | Sewer    | Entered a sewer
  1904 | Sewer    | Noticed a kobold brigand
  1915 | Sewer    | Killed a kobold brigand
  1916 | Sewer    | Reached skill level 3 in Maces & Flails
  1916 | Sewer    | Reached XP level 5. HP: 28/33 MP: 6/6
  2083 | Sewer    | Noticed a kobold brigand
  2083 | Sewer    | Noticed a kobold brigand
  2107 | Sewer    | Killed a kobold brigand
  2108 | Sewer    | Reached XP level 6. HP: 30/38 MP: 6/8
  2757 | D:3      | Reached XP level 7. HP: 43/43 MP: 9/9
  3406 | D:4      | Reached skill level 4 in Maces & Flails
  3618 | D:4      | Found a snail-covered altar of Cheibriados.
  3618 | D:4      | Found a burning altar of Makhleb.
  4373 | D:5      | Entered Level 5 of the Dungeon
  4427 | D:5      | Noticed Grinder
  4436 | D:5      | Paralysed by Grinder for 3 turns
  4448 | D:5      | Killed Grinder
  4557 | D:5      | Reached XP level 8. HP: 22/48 MP: 11/11
  4872 | D:5      | Identified the +10 long sword "Yxti" {antimagic, +Blink
                  | Dex+2}
  4877 | D:5      | Found a runed translucent door.
  4899 | D:5      | Noticed Zeo's ghost (novice KoBr)
  4909 | D:5      | Identified the +3 falchion "Pohoten" {elec, rElec rN+ Int+5
                  | Stlth-}
  4970 | D:5      | Noticed Edmund
  4981 | D:5      | Killed Edmund
  4982 | D:5      | Reached skill level 5 in Maces & Flails
  4984 | D:5      | Reached skill level 5 in Fighting
  4984 | D:5      | Reached skill level 5 in Armour
  5080 | D:5      | Identified the +1 robe of Complete Protection {Will- rCorr
                  | Dex+3}
  5487 | D:5      | Noticed Menkaure
  5495 | D:5      | Killed Menkaure
  5496 | D:5      | Reached skill level 5 in Shields
  5496 | D:5      | Reached skill level 5 in Invocations
  5593 | D:5      | Killed Zeo's ghost
  5720 | D:6      | Reached XP level 9. HP: 48/54 MP: 13/13
  6249 | D:6      | Reached skill level 6 in Maces & Flails
  6287 | D:6      | Reached skill level 5 in Evocations
  6940 | D:7      | Found Hiteinw Joca's Book Boutique.
  7308 | D:7      | Found Put Ytor's Magic Scroll Shoppe.
  7609 | D:7      | Noticed Jeremiah
  7844 | D:7      | Killed Jeremiah
  7845 | D:7      | Reached XP level 10. HP: 55/60 MP: 5/15
  7948 | D:7      | Reached skill level 7 in Maces & Flails
  7952 | D:7      | HP: 1/61 [gnoll/+0 halberd[a gnoll bouda] (7)]
  8302 | D:7      | Found a sparkling altar of Nemelex Xobeh.
  8329 | D:7      | Noticed Maurice
  8336 | D:7      | Maurice stole the +3 falchion "Pohoten" {elec, rElec rN+
                  | Int+5 Stlth-}
  8356 | D:7      | Something stole a +0 kite shield
  8362 | D:7      | Something stole 316 gold
  8370 | D:7      | Something stole 52 gold
  8392 | D:7      | Killed Maurice
  8558 | D:7      | Found a staircase to the Ecumenical Temple.
  8583 | Temple   | Entered the Ecumenical Temple
  8602 | Temple   | Became a worshipper of the Shining One
  8677 | D:7      | Found a runed translucent door.
  8678 | D:7      | Noticed Crazy Yiuf
  8758 | D:7      | Found a sparkling altar of Nemelex Xobeh.
  9036 | D:7      | Found Papik's Antique Armour Boutique.
  9212 | D:7      | Killed Crazy Yiuf
  9478 | D:8      | Reached * piety under the Shining One
  9628 | D:8      | Found a large runed translucent door.
  9628 | D:8      | Found a large runed translucent door.
  9682 | D:8      | Found a large runed translucent door.
  9683 | D:8      | Found a large runed translucent door.
  9688 | D:8      | Found the +7 hand cannon "Mule" {flame, backblast, rF+}
  9778 | D:8      | Got the Catalogue of Foggy Soot
  9869 | D:8      | Noticed a boulder beetle
 10266 | D:8      | Reached skill level 8 in Maces & Flails
 10281 | D:8      | Reached XP level 11. HP: 50/67 MP: 17/17
 10473 | D:8      | HP: 1/67 [boulder beetle (10)]
 10476 | D:8      | Killed a boulder beetle
 10724 | D:8      | Got Iblax's Papyrus of Warped Diablerie
 11127 | D:8      | Identified the +5 battleaxe "Jeoc Kyph" {drain, rC+ Str+3
                  | Dex+3 Stlth-}
 11271 | D:9      | Noticed a death yak
 11290 | D:9      | Noticed a death yak
 11290 | D:9      | Found a staircase to the Lair.
 11290 | D:9      | Noticed a death yak
 11313 | D:9      | Found a flagged portal.
 11334 | D:9      | HP: 2/67 [death yak (16)]
 11343 | Bailey   | Entered a bailey
 11593 | Bailey   | Noticed a two-headed ogre
 11604 | Bailey   | Killed a two-headed ogre
 12329 | D:9      | Reached ** piety under the Shining One
 12361 | D:9      | Killed a death yak
 12376 | D:9      | Killed a death yak
 12377 | D:9      | Reached skill level 9 in Maces & Flails
 12391 | D:9      | Killed a death yak
 12431 | D:9      | Reached XP level 12. HP: 39/73 MP: 19/19
 12565 | D:9      | Found a transporter.
 12589 | D:9      | Found a transporter.
 12594 | D:9      | Noticed an orc high priest
 13098 | D:9      | Reached skill level 10 in Maces & Flails
 13098 | D:9      | Reached XP level 13. HP: 79/79 MP: 20/20
 13103 | D:9      | Learned a level 3 spell: Passwall
 13211 | D:10     | Entered Level 10 of the Dungeon
 14464 | D:11     | Reached skill level 10 in Invocations
 15233 | D:11     | Reached *** piety under the Shining One
 15295 | D:11     | Found a staircase to the Orcish Mines.
 16015 | Lair:1   | Entered Level 1 of the Lair of Beasts
 16024 | Lair:1   | Noticed Erica
 16038 | Lair:1   | Killed Erica
 16039 | Lair:1   | Reached skill level 11 in Maces & Flails
 16270 | Lair:1   | Noticed Amaemon
 16309 | Lair:1   | Killed Amaemon
 16517 | Lair:1   | Noticed Urug
 16541 | Lair:1   | Killed Urug
 17176 | Lair:2   | Reached skill level 10 in Armour
 17610 | Lair:2   | Found a staircase to the Snake Pit.
 17690 | Lair:2   | Reached skill level 10 in Evocations
 17711 | Lair:2   | Gained mutation: Your large and strong wings let you fly.
                  | [Gargoyle growth]
 17711 | Lair:2   | Reached XP level 14. HP: 87/87 MP: 21/21
 17731 | Lair:2   | Reached skill level 10 in Shields
 18609 | Lair:3   | You are sucked into a shaft and drop 2 floors!
 18609 | Lair:5   | Entered Level 5 of the Lair of Beasts
 18714 | Lair:5   | Reached skill level 10 in Fighting
 18797 | Lair:5   | Reached **** piety under the Shining One
 18862 | Lair:5   | The Shining One protects you from harm!
 18865 | Lair:5   | HP: 1/88 [boulder beetle (19)]
 19198 | Lair:5   | Reached skill level 12 in Maces & Flails
 19582 | D:1      | Bought a potion of heal wounds for 70 gold pieces
 19582 | D:1      | Bought a potion of heal wounds for 70 gold pieces
 20351 | Lair:3   | Found a staircase to the Swamp.
 20524 | Lair:3   | Noticed Gastronok
 20540 | Lair:3   | Killed Gastronok
 21144 | Lair:4   | Found a viscous altar of Jiyva.
 21145 | Lair:4   | Found a staircase to the Slime Pits.
 22489 | Lair:5   | Reached XP level 15. HP: 34/93 MP: 23/23
 22813 | Lair:5   | Identified the +1 helmet of Kalucoas {Rampage Str+4 Int-4}
 22830 | Lair:5   | Got Reilav's Compilation of the Nimbus
 22944 | Lair:5   | Reached skill level 13 in Maces & Flails
 23458 | Orc:1    | Entered Level 1 of the Orcish Mines
 23669 | Orc:2    | Entered Level 2 of the Orcish Mines
 24512 | Orc:2    | Found a staircase to the Elven Halls.
 24569 | Orc:2    | Reached ***** piety under the Shining One
 24681 | Orc:2    | Found Keimp's Weapon Shop.
 25829 | Orc:2    | Found Racaux's Antique Armour Shop.
 25829 | Orc:2    | Found Jijaqu's Distillery.
 26176 | Orc:2    | Bought a shiny helmet for 255 gold pieces
 26336 | D:7      | Bought an ichor-stained chain mail for 332 gold pieces
 26336 | D:7      | Identified the +1 chain mail "Biwuaf" {rElec rCorr Int+3}
                  | (You bought it in a shop on level 7 of the Dungeon)
 26734 | D:12     | Noticed Lodul
 26757 | D:12     | Killed Lodul
 27262 | D:12     | Noticed Sonja
 27268 | D:12     | Killed Sonja
 27814 | D:13     | Reached skill level 14 in Maces & Flails
 28109 | D:13     | Reached ****** piety under the Shining One
 28142 | D:13     | Identified a +3 sacred scourge of holy wrath (a +1 demon
                  | whip of venom blessed by the Shining One)
 28142 | D:13     | Received a gift from the Shining One
 28187 | D:13     | Reached XP level 16. HP: 97/101 MP: 25/25
 29276 | D:14     | Found an opulent altar of Gozag.
 29780 | D:14     | Found a gate to the Vaults.
 30471 | D:15     | Entered Level 15 of the Dungeon
 30490 | D:14     | Annihilated by a titanic slime creature

Illustrated notes

Levels and vault maps discovered:
D:1:      elethiomel_arrival_infinity_welcomes_careful_drivers,
          layout_loops_ring, serial_shops, nicolae_shop_crystal
D:2:      minmay_roachtagon, layout_loops_ring,
          hellmonk_ecumenical_altar_pennies_from_heaven, basic_altar
D:3:      layout_basic, portal_sewer_entry_b
D:4:      layout_loops_ring, amethyst_overflow_temple_binary,
          kennysheep_another_room, amcnicky_mini_pool_small
D:5:      layout_basic, gammafunk_ghost_grave, uniq_grinder, uniq_menkaure,
          uniq_edmund
D:6:      layout_loops_ring
D:7:      layout_rooms, mainiacjoe_overflow_six_doors_small,
          minmay_temple_entry_crystal_x, serial_shops, nicolae_lakefront_shop,
          shop, shop, st_stairs_8, minmay_ruined_shrine,
          uniq_crazy_yiuf_cottage, uniq_maurice, uniq_jeremiah
D:8:      layout_gridville, minmay_hollow_rounded_squares
D:9:      gammafunk_wand_slinger, layout_basic, dpeg_lair_monsters,
          enter_bailey_5
D:10:     layout_irregular_city, roderic_serpentine_path, dk_rats_in_the_wall
D:11:     layout_cross, david_orc_4, serial_co_window_serial,
          co_window_corner_a, co_window_paths_a, co_window_cross_1,
          co_window_of_opportunity_a, co_window_of_opportunity_a,
          co_window_of_opportunity_c, co_window_broadway_a,
          co_window_broadway_b, co_window_cross_3, co_window_broadway_c,
          co_window_4corner_a, glass_columns_a,
          eino_small_chamber_without_monster, moated_statue,
          hangedman_abyss_or_decor_passed
D:12:     layout_irregular_city, uniq_sonja, uniq_lodul
D:13:     minmay_razor_zed, layout_loops_cross, special_room [special_room_orc]
D:14:     layout_basic, erik_vaults_2, serial_rivers,
          chequers_serial_rivers_marsh, chequers_serial_rivers_marsh,
          chequers_serial_rivers_room_b, chequers_serial_rivers_room_b,
          chequers_serial_rivers_small_b, grunt_gozag_statues
D:15:     gammafunk_depths_entry_grave, layout_loops_ring,
          grunt_decor_resistance, hellmonk_okawaru_the_only_friend_you_need
Temple:   compressed_dpeg_triangle_lava_temple
Lair:1:   layout_misc_corridors, minivault_11, uniq_erica, uniq_urug,
          uniq_amaemon
Lair:2:   layout_small_grid, dummy_snake_entry, nicolae_lair_grove_arrangements,
          st_stairs_3, chequers_serial_rivers_room_b, serial_bayou_pond_d
Lair:3:   layout_regular_city, minmay_swamp_entry_worms, grunt_megastairs_5,
          uniq_gastronok
Lair:4:   layout_hall_layers, slime_entry_1, serial_bayou_shore_b
Lair:5:   grunt_lair_end_beastmaster, layout_cave_shapes, grunt_megastairs_2,
          infiniplex_staircase_pool_2
Orc:1:    layout_caves
Orc:2:    st_orc_town, layout_caves, basic_altar

Skill      XL: |  1  2  3  4  5  6  7  8  9 10 11 12 13 14 15 16 |
---------------+-------------------------------------------------+-----
Invocations    | 1 2 3 4 5 7 8 9 10 11 12 | 12.6
Evocations     | 1 2 3 4 5 6 8 10 11 12 | 12.1
Maces & Flails | 3 4 5 6 8 9 10 11 12 14 | 14.6
Fighting       | 4 5 6 7 8 9 10 11 12 | 12.2
Armour         | 4 5 6 7 9 10 11 12 | 12.5
Shields        | 4 5 6 7 9 10 11 12 | 12.2

Action                     |  1- 3 |  4- 6 |  7- 9 | 10-12 | 13-15 | 16-18 || total
---------------------------+-------+-------+-------+-------+-------+-------++-------
  Melee: Flail             |    91 |   247 |   411 |   629 |  2060 |   241 ||  3679
         Long sword        |       |       |    51 |       |       |       ||    51
         Falchion          |       |       |    66 |       |       |       ||    66
         Sacred scourge    |       |       |       |       |    14 |    61 ||    75
   Fire: Hand cannon       |       |       |       |     1 |       |       ||     1
 Invoke: Divine Shield     |       |       |       |     1 |       |       ||     1
         Brand Weapon With |       |       |       |       |     1 |       ||     1
  Evoke: Wand              |       |       |       |    12 |     4 |    23 ||    39
         Condenser vane    |       |       |       |       |     1 |       ||     1
    Use: Scroll            |     1 |     7 |     2 |     9 |    10 |       ||    29
         Potion            |     1 |       |     5 |     6 |     4 |       ||    16
 Armour: Scale mail        |    64 |   175 |   185 |       |       |       ||   424
         Chain mail        |       |       |   160 |       |       |       ||   160
         Plate armour      |       |       |    57 |   411 |       |       ||   468
         Ice dragon scales |       |       |       |    76 |  1305 |   126 ||  1507
  Dodge: Dodged            |    47 |   132 |   194 |   158 |   508 |    35 ||  1074
  Block: Buckler           |    31 |   203 |   367 |   323 |       |       ||   924
         Reflection        |       |     2 |     3 |    18 |    47 |     2 ||    72
         Kite shield       |       |       |       |   114 |  1877 |   146 ||  2137
